 Dungeon Crawl Stone Soup version 0.22-a0-247-gbddf880 (webtiles) character file.

56 wolfsongas the Cutter (level 3, -1/42 HPs)
             Began as a Gnoll Wanderer on Feb 23, 2018.
             Succumbed to Terence's poison
             ... on level 2 of the Dungeon.
             The game lasted 00:02:07 (1354 turns).

wolfsongas the Cutter (Gnoll Wanderer)              Turns: 1354, Time: 00:02:08

Health: -1/42      AC: 21    Str: 17    XL:     3   Next: 95%
Magic:  4/4        EV:  2    Int: 12    God:
Gold:   75         SH:  0    Dex: 14    Spells: 4/4 levels left

rFire    . . .     SeeInvis .   d - +3 short sword
rCold    . . .     Gourm    .   (no shield)
rNeg     + + +     Faith    .   (armour currently unavailable)
rPois    +         Spirit   .   (helmet currently unavailable)
rElec    .         Reflect  .   (cloak currently unavailable)
rCorr    .         Harm     .   (gloves currently unavailable)
MR       .....     Clarity  +   (boots currently unavailable) Stlth +++.......NoTele +
                                (no amulet)
HPRegen  0.14/turn              (no ring)
MPRegen  0.09/turn              (no ring)

@: lethally poisoned (-1 -> -57), tree-form
A: distributed training, clarity, strong nose
a: no special abilities


You were on level 2 of the Dungeon.
You were not hungry.
You were a tree.
You visited 1 branch of the dungeon, and saw 2 of its levels.

You collected 75 gold pieces.

Inventory:

Hand Weapons
 a - a +0 dagger
 b - a +0 hunting sling
 d - a +3 short sword (weapon)
Armour
 c - a +0 robe
 e - a +0 ring mail (melded)
Jewellery
 f - an uncursed amulet of regeneration {unknown}
Scrolls
 k - a scroll of remove curse
 l - a scroll of magic mapping
Potions
 h - a potion of lignification
Comestibles
 g - 2 chunks of flesh


   Skills:
 + Level 2.6 Fighting
 + Level 6.5 Short Blades
 + Level 1.0 Long Blades
 + Level 1.0 Axes
 + Level 1.0 Maces & Flails
 + Level 1.0 Polearms
 + Level 1.0 Staves
 + Level 1.0 Slings
 + Level 1.0 Bows
 + Level 1.0 Crossbows
 + Level 2.6 Throwing
 + Level 1.0 Armour
 + Level 2.6 Dodging
 + Level 4.2 Stealth
 + Level 2.6 Shields
 + Level 2.6 Unarmed Combat
 + Level 1.0 Spellcasting
 + Level 0.7 Conjurations
 + Level 0.7 Hexes
 + Level 0.7 Charms
 + Level 0.7 Summonings
 + Level 0.7 Necromancy
 + Level 0.7 Translocations
 + Level 0.7 Transmutations
 + Level 0.7 Fire Magic
 + Level 0.7 Ice Magic
 + Level 0.7 Air Magic
 + Level 0.7 Earth Magic
 + Level 0.7 Poison Magic
 + Level 1.0 Invocations
 + Level 1.0 Evocations


You had 4 spell levels left.
You didn't know any spells.

Dungeon Overview and Level Annotations

Branches:
Dungeon (2/15)

Altars:

Annotations:
D:2 Terence


Innate Abilities, Weirdness & Mutations

Your experience applies equally to all skills.
((You have very sharp teeth.))
Your uncanny sense of smell can sniff out nearby items.
You possess an exceptional clarity of mind.
((You are resistant to electric shocks. (rElec)))


Message History

You hit Terence.
Terence is moderately wounded.
* * * LOW HITPOINT WARNING * * *
You feel very sick. Terence hits you but does no damage.
You are more poisoned.
You hit Terence.
Terence is heavily wounded.
* * * LOW HITPOINT WARNING * * *
You feel very sick.
Terence hits you with a short sword of venom.
* * * LOW HITPOINT WARNING * * *
You are more poisoned.
You hit Terence.
Terence is heavily wounded.
* * * LOW HITPOINT WARNING * * *
You feel very sick.
You hit Terence.
Terence is severely wounded.
You die...

,* *,* #.# # ,* *,* #.# # ,* *,*
#.# # ,* *,* #.# # ,* *,*
#.######## ,***,*****#####*
#........>
,,,,,,,,,,.....#########.########
,***,******###...........#*,,,,,,
,* *,* #....♣#########*,***** ,*
*,* #.###@#### *,***** ,* *,*
*,#.Kg...#******,∆,,,, ,* *,*
*,#.#.##.....,,,,,****
,***,*******.<#..#**####***,**
,,,,*,,,*,*#.#*#.#* *,*
****,**,,,..#* ##.** *,*
*,,,,,..#* *#,* *,* *****...,**
**,*********,*


You could see Terence, a goblin and a kobold.

Vanquished Creatures
  A crimson imp (D:2)
  A dart slug (D:1)
  A leopard gecko (D:2)
  A ball python (D:1)
  6 bats
  3 goblins
  A hobgoblin (D:2)
  A frilled lizard (D:1)
  2 kobolds
  3 rats
20 creatures vanquished.

Notes
Turn   | Place    | Note
-------+----------+-------------------------------------------
     0 | D:1      | wolfsongas the Gnoll Wanderer began the quest for the Orb.
     0 | D:1      | wolfsongas set off with: a +2 short sword, 2 potions of lignification, a +0 robe, a +0 dagger, a ration
     0 | D:1      | Reached XP level 1. HP: 17/17 MP: 1/1
   321 | D:1      | Reached XP level 2. HP: 21/23 MP: 2/2
   940 | D:2      | Noticed a crimson imp
  1023 | D:2      | Killed a crimson imp
  1023 | D:2      | Reached skill level 1 in Invocations
  1023 | D:2      | Reached XP level 3. HP: 10/28 MP: 2/4
  1296 | D:2      | Reached skill level 1 in Long Blades
  1296 | D:2      | Reached skill level 1 in Axes
  1296 | D:2      | Reached skill level 1 in Maces & Flails
  1296 | D:2      | Reached skill level 1 in Polearms
  1296 | D:2      | Reached skill level 1 in Staves
  1296 | D:2      | Reached skill level 1 in Slings
  1296 | D:2      | Reached skill level 1 in Bows
  1296 | D:2      | Reached skill level 1 in Crossbows
  1296 | D:2      | Reached skill level 1 in Armour
  1296 | D:2      | Reached skill level 1 in Spellcasting
  1296 | D:2      | Reached skill level 1 in Evocations
  1336 | D:2      | Noticed Terence
  1345 | D:2      | Gained mutation: You possess an exceptional clarity of mind. [potion of mutation]
  1345 | D:2      | Gained mutation: You are resistant to electric shocks. (rElec) [potion of mutation]
  1354 | D:2      | Succumbed to Terence's poison

Vault maps used:
D:1:      lightli_arrival_chessboard, st_stairs_5
D:2:      amethyst_overflow_temple_binary, uniq_terence

Skill      XL: |  1  2  3 |
---------------+----------+-----
Invocations    | 1 |  1.0
Long Blades    | 1 |  1.0
Axes           | 1 |  1.0
Maces & Flails | 1 |  1.0
Polearms       | 1 |  1.0
Staves         | 1 |  1.0
Slings         | 1 |  1.0
Bows           | 1 |  1.0
Crossbows      | 1 |  1.0
Armour         | 1 |  1.0
Spellcasting   | 1 |  1.0
Evocations     | 1 |  1.0
Fighting       | |  2.6
Short Blades   | |  6.5
Throwing       | |  2.6
Dodging        | |  2.6
Stealth        | |  4.2
Shields        | |  2.6
Unarmed Combat | |  2.6
Conjurations   | |  0.7
Hexes          | |  0.7
Charms         | |  0.7
Summonings     | |  0.7
Necromancy     | |  0.7
Translocations | |  0.7
Transmutations | |  0.7
Fire Magic     | |  0.7
Ice Magic      | |  0.7
Air Magic      | |  0.7
Earth Magic    | |  0.7
Poison Magic   | |  0.7

Action                   || total
-------------------------++-------
Melee: Dagger            ||   119
       Bite              ||    16
       Short sword       ||    41
       Punch             ||     2
  Use: Scroll            ||     5
       Potion            ||     2
 Stab: Sleeping          ||     1
  Eat: Ration            ||     1
Armor: Ring mail         ||    55
       Skin              ||     5
Dodge: Dodged            ||    75

Table legend:
 A = Spawn XP
 B = Non-spawn XP
 C = Spawn XP percentage of total XP
 D = Spawn monster count
 E = Non-spawn monster count
 F = Spawn count percentage of total count
 G = Total turns spent on level
                    A         B        C        D         E        F      G
               +---------+---------+-------+---------+---------+-------+---------
         Total |       0 |      80 |   0.0 |       0 |      20 |   0.0 |  1354
               +---------+---------+-------+---------+---------+-------+---------
           D:1 |       0 |      19 |   0.0 |       0 |      13 |   0.0 |   896
           D:2 |       0 |      61 |   0.0 |       0 |       7 |   0.0 |   458
               +---------+---------+-------+---------+---------+-------+---------
